PAA
TACOMA FUR TRADERS @ MINNESOTA LOONS
05/06/2031
 
TOP OF THE 1ST
Tacoma Fur Traders batting - Pitching for Minnesota Loons : LHP Homer Robertson
Pitching: LHP Homer Robertson
Batting: RHB Jeremy Geertsen 0-0: Ball
1-0: Called Strike
1-1: Ball
2-1: Fly out, F5 (Line Drive, 5)
Batting: RHB Jonathan Barnett 0-0: Ball
1-0: Foul Ball, location: 2F
1-1: Swinging Strike
1-2: Fly out, F8 (Line Drive, 8LM)
Batting: RHB Daryl Yandell 0-0: Ball
1-0: Ball
2-0: Called Strike
2-1: Hit by Pitch
Batting: RHB Amon-Ra St. Brown 0-0: Ball
1-0: Ball
2-0: Foul Ball, location: 2F
2-1: Fly out, F8 (Flyball, 8RD)
Top of the 1st over - 0 runs, 0 hits, 0 errors, 1 left on base; Tacoma 0 - Minnesota 0
BOTTOM OF THE 1ST
Minnesota Loons batting - Pitching for Tacoma Fur Traders : RHP Dorian Roberts
Pitching: RHP Dorian Roberts
Batting: RHB Germán Espantoso 0-0: Ball
1-0: Ground out 6-3 (Groundball, 6)
Now at SS: Stan Wheeler
Batting: RHB José de la Cavallería 0-0: Ground out 5-3 (Groundball, 56)
Batting: LHB Johan Kroening 0-0: Called Strike
0-1: Swinging Strike
0-2: SINGLE (Groundball, 56S) (infield hit)
Batting: LHB Juan Aranda 0-0: Ball
1-0: Foul Ball, location: 2F
1-1: Ball
2-1: Swinging Strike
2-2: SINGLE (Flyball, 7LS)
Johan Kroening to second
Batting: RHB Ángelo Delgado 0-0: Foul Ball, location: 2F
0-1: Ball
1-1: Swinging Strike
1-2: Foul Ball, location: 2F
1-2: Ball
2-2: Ball
3-2: Fly out, F4 (Popup, 4D)
Bottom of the 1st over - 0 runs, 2 hits, 0 errors, 2 left on base; Tacoma 0 - Minnesota 0
TOP OF THE 2ND
Tacoma Fur Traders batting - Pitching for Minnesota Loons : LHP Homer Robertson
Batting: RHB Mike Case 0-0: Ground out 5-3 (Groundball, 56)
Batting: RHB Stan Wheeler 0-0: Called Strike
0-1: Foul Ball, location: 2F
0-2: Strikes out looking
Batting: RHB Gerardo Herváz 0-0: Ball
1-0: Foul Ball, location: 2F
1-1: DOUBLE (Line Drive, 78D)
Batting: RHB Bill Perkins 0-0: Called Strike
0-1: Ball
1-1: Swinging Strike
1-2: Foul Ball, location: 2F
1-2: Ball
2-2: Strikes out swinging
Top of the 2nd over - 0 runs, 1 hit, 0 errors, 1 left on base; Tacoma 0 - Minnesota 0
BOTTOM OF THE 2ND
Minnesota Loons batting - Pitching for Tacoma Fur Traders : RHP Dorian Roberts
Batting: RHB Luis Delvalle 0-0: Called Strike
0-1: Swinging Strike
0-2: Ball
1-2: Ball
2-2: Strikes out swinging
Batting: RHB Rubén Medina 0-0: Ball
1-0: Ball
2-0: Fly out, F8 (Flyball, 8RD)
Batting: RHB Hani Azwan 0-0: Ball
1-0: Called Strike
1-1: SOLO HOME RUN (Flyball, 7LD), Distance : 343 ft
Batting: RHB Cody Jaeckel 0-0: Ball
1-0: Ball
2-0: Ball
3-0: Called Strike
3-1: Swinging Strike
3-2: Fly out, F7 (Flyball, 7LM)
Bottom of the 2nd over - 1 run, 1 hit, 0 errors, 0 left on base; Tacoma 0 - Minnesota 1
TOP OF THE 3RD
Tacoma Fur Traders batting - Pitching for Minnesota Loons : LHP Homer Robertson
Batting: RHB Sherman N'Dir 0-0: Ball
1-0: Ground out 4-3 (Groundball, 4)
Batting: RHB Jeremy Geertsen 0-0: Ball
1-0: Ball
2-0: Called Strike
2-1: Ball
3-1: Called Strike
3-2: Foul Ball, location: 2F
3-2: Base on Balls
Batting: RHB Jonathan Barnett 0-0: Ball
1-0: Ball
Wild Pitch!
Jeremy Geertsen to second
2-0: Called Strike
2-1: Foul Ball, location: 2F
2-2: SINGLE (Line Drive, 6MD)
Jeremy Geertsen to third
Batting: RHB Daryl Yandell 0-0: Ball
1-0: Ball
2-0: Called Strike
2-1: Called Strike
2-2: Foul Ball, location: 2F
2-2: Ball
3-2: Strikes out looking
Jonathan Barnett steals 2nd base
Batter strikes out.
Batting: RHB Amon-Ra St. Brown 0-0: Called Strike
0-1: Ball
1-1: Swinging Strike
1-2: Fly out, F4 (Popup, 4)
Top of the 3rd over - 0 runs, 1 hit, 0 errors, 2 left on base; Tacoma 0 - Minnesota 1
BOTTOM OF THE 3RD
Minnesota Loons batting - Pitching for Tacoma Fur Traders : RHP Dorian Roberts
Batting: RHB Germán Espantoso 0-0: Called Strike
0-1: Ball
1-1: Fly out, F5 (Line Drive, 5)
Batting: RHB José de la Cavallería 0-0: Called Strike
0-1: Ball
1-1: Ground out 6-3 (Groundball, 6)
Batting: LHB Johan Kroening 0-0: Ball
1-0: Called Strike
1-1: SINGLE (Line Drive, 8RS)
Batting: LHB Juan Aranda 0-0: Called Strike
0-1: Ball
1-1: SINGLE (Line Drive, 34D)
Johan Kroening to second
Runner from 2nd tries for 3rd, SAFE, no throw
Batting: RHB Ángelo Delgado 0-0: Ball
1-0: 3-RUN HOME RUN (Flyball, 7D), Distance : 375 ft
Batting: RHB Luis Delvalle 0-0: Ball
1-0: Called Strike
1-1: Ball
2-1: Foul Ball, location: 2F
2-2: Ball
3-2: Fly out, F8 (Flyball, 8RS)
Bottom of the 3rd over - 3 runs, 3 hits, 0 errors, 0 left on base; Tacoma 0 - Minnesota 4
TOP OF THE 4TH
Tacoma Fur Traders batting - Pitching for Minnesota Loons : LHP Homer Robertson
Batting: RHB Mike Case 0-0: Ball
1-0: Ground out 6-3 (Groundball, 56)
Batting: RHB Stan Wheeler 0-0: Ball
1-0: Ball
2-0: Ball
3-0: Base on Balls
Batting: RHB Gerardo Herváz 0-0: Ball
1-0: Fly out, F9 (Line Drive, 9)
Batting: RHB Bill Perkins 0-0: Ball
1-0: Called Strike
1-1: Ball
2-1: DOUBLE (Line Drive, 7LM)
Stan Wheeler to third
Runner from 3rd tries for Home, SAFE, no throw
Batting: RHB Sherman N'Dir 0-0: Foul Ball, location: 2F
0-1: Foul Ball, location: 2F
0-2: Ball
1-2: Ball
2-2: Fly out, F8 (Flyball, 8RD)
Top of the 4th over - 1 run, 1 hit, 0 errors, 1 left on base; Tacoma 1 - Minnesota 4
BOTTOM OF THE 4TH
Minnesota Loons batting - Pitching for Tacoma Fur Traders : RHP Dorian Roberts
Batting: RHB Rubén Medina 0-0: Swinging Strike
0-1: Fly out, F7 (Flyball, 7LM)
Batting: RHB Hani Azwan 0-0: Called Strike
0-1: Ball
1-1: Foul Ball, location: 2F
1-2: SINGLE (Line Drive, 89S)
Batting: RHB Cody Jaeckel 0-0: Ball
1-0: Called Strike
Hani Azwan steals 2nd base
1-1: Ground out 5-3 (Groundball, 56)
Batting: RHB Germán Espantoso 0-0: SINGLE (Line Drive, 56D)
Hani Azwan to third
Runner from 3rd tries for Home, SAFE, no throw
Batting: RHB José de la Cavallería 0-0: Ground out U3 (Groundball, 34)
Bottom of the 4th over - 1 run, 2 hits, 0 errors, 1 left on base; Tacoma 1 - Minnesota 5
TOP OF THE 5TH
Tacoma Fur Traders batting - Pitching for Minnesota Loons : LHP Homer Robertson
Batting: RHB Jeremy Geertsen 0-0: Ball
1-0: Called Strike
1-1: Swinging Strike
1-2: Ground out 6-3 (Groundball, 6M)
Batting: RHB Jonathan Barnett 0-0: Ball
1-0: Fly out, F9 (Flyball, 89D)
Batting: RHB Daryl Yandell 0-0: Ball
1-0: Ball
2-0: Foul Ball, location: 2F
2-1: Swinging Strike
2-2: Strikes out swinging
Top of the 5th over - 0 runs, 0 hits, 0 errors, 0 left on base; Tacoma 1 - Minnesota 5
BOTTOM OF THE 5TH
Minnesota Loons batting - Pitching for Tacoma Fur Traders : RHP Dorian Roberts
Batting: LHB Johan Kroening 0-0: Called Strike
0-1: Ball
1-1: Ball
2-1: Swinging Strike
2-2: Foul Ball, location: 2F
2-2: Ball
3-2: Strikes out swinging
Batting: LHB Juan Aranda 0-0: Ball
1-0: Fly out, F8 (Flyball, 78D)
Batting: RHB Ángelo Delgado 0-0: Fly out, F7 (Flyball, 78M)
Bottom of the 5th over - 0 runs, 0 hits, 0 errors, 0 left on base; Tacoma 1 - Minnesota 5
TOP OF THE 6TH
Tacoma Fur Traders batting - Pitching for Minnesota Loons : LHP Homer Robertson
Batting: RHB Amon-Ra St. Brown 0-0: Ball
1-0: SOLO HOME RUN (Flyball, 9LD), Distance : 347 ft
Batting: RHB Mike Case 0-0: Ball
1-0: Called Strike
1-1: Fly out, F5 (Line Drive, 56)
Batting: RHB Stan Wheeler 0-0: Called Strike
0-1: Ground out 6-3 (Groundball, 56D)
Batting: RHB Gerardo Herváz 0-0: Ball
1-0: Called Strike
1-1: Ball
2-1: Ball
3-1: Foul Ball, location: 2F
3-2: Ground out 6-3 (Groundball, 6)
Top of the 6th over - 1 run, 1 hit, 0 errors, 0 left on base; Tacoma 2 - Minnesota 5
BOTTOM OF THE 6TH
Minnesota Loons batting - Pitching for Tacoma Fur Traders : RHP Dorian Roberts
Batting: RHB Luis Delvalle 0-0: Ball
1-0: Ground out 6-3 (Groundball, 6M)
Batting: RHB Rubén Medina 0-0: Called Strike
0-1: Ball
1-1: DOUBLE (Line Drive, 7LD)
Batting: RHB Hani Azwan 0-0: Fly out, F7 (Flyball, 7D)
Batting: RHB Cody Jaeckel 0-0: Fly out, F5 (Popup, 15S)
Bottom of the 6th over - 0 runs, 1 hit, 0 errors, 1 left on base; Tacoma 2 - Minnesota 5
TOP OF THE 7TH
Tacoma Fur Traders batting - Pitching for Minnesota Loons : LHP Homer Robertson
Batting: RHB Bill Perkins 0-0: Ball
1-0: Called Strike
1-1: Ball
2-1: Ball
3-1: Foul Ball, location: 2F
3-2: Foul Ball, location: 2F
3-2: Strikes out swinging
Pitching: LHP Raymond Beauregard
Batting: RHB Sherman N'Dir 0-0: Called Strike
0-1: Fly out, F5 (Line Drive, 5L)
Batting: RHB Jeremy Geertsen 0-0: Foul Ball, location: 2F
0-1: Swinging Strike
0-2: Strikes out swinging, 2-3 out at first.
Top of the 7th over - 0 runs, 0 hits, 0 errors, 0 left on base; Tacoma 2 - Minnesota 5
BOTTOM OF THE 7TH
Minnesota Loons batting - Pitching for Tacoma Fur Traders : RHP Dorian Roberts
Batting: RHB Germán Espantoso 0-0: Called Strike
0-1: Ball
1-1: Foul Ball, location: 2F
1-2: Ground out U3 (Groundball, 34)
Batting: RHB José de la Cavallería 0-0: Ball
1-0: Foul Ball, location: 2F
1-1: SINGLE (Line Drive, 7LS)
Batting: LHB Johan Kroening 0-0: Foul Ball, location: 2F
0-1: Fly out, F5 (Popup, 15)
Batting: LHB Juan Aranda 0-0: Ball
1-0: Fly out, F5 (Popup, 56)
Bottom of the 7th over - 0 runs, 1 hit, 0 errors, 1 left on base; Tacoma 2 - Minnesota 5
TOP OF THE 8TH
Tacoma Fur Traders batting - Pitching for Minnesota Loons : LHP Raymond Beauregard
Batting: RHB Jonathan Barnett 0-0: SINGLE (Line Drive, 6MD)
Batting: RHB Daryl Yandell 0-0: Foul Ball, location: 2F
0-1: Ball
1-1: Ball
2-1: Fly out, F7 (Flyball, 7D)
Batting: RHB Amon-Ra St. Brown 0-0: Foul Ball, location: 2F
0-1: Ball
1-1: Swinging Strike
1-2: DOUBLE (Flyball, 78D)
Jonathan Barnett to third
Runner from 3rd tries for Home, SAFE, no throw
Batting: RHB Mike Case 0-0: Ball
1-0: Fly out, F9 (Flyball, 9)
Runner from 2nd tags up, SAFE at 3rd with throw
Batting: RHB Stan Wheeler 0-0: Foul Ball, location: 2F
0-1: Ground out 6-3 (Groundball, 6)
Top of the 8th over - 1 run, 2 hits, 0 errors, 1 left on base; Tacoma 3 - Minnesota 5
BOTTOM OF THE 8TH
Minnesota Loons batting - Pitching for Tacoma Fur Traders : RHP Dorian Roberts
Batting: RHB Ángelo Delgado 0-0: Swinging Strike
0-1: Ball
1-1: DOUBLE (Flyball, 89D)
Batting: RHB Luis Delvalle 0-0: Intentional Walk
Pinch Hitting: LHB Rim Hong-Do 0-0: Ball
1-0: Called Strike
1-1: Foul Ball, location: 2F
1-2: Ground out U3 (Groundball, 23)
Ángelo Delgado to third
Luis Delvalle to second
Pinch Hitting: LHB Bennett Whitford 0-0: Intentional Walk
Batting: RHB Cody Jaeckel 0-0: Called Strike
0-1: Grounds into fielders choice 6-2 (Groundball, 6)
Luis Delvalle to third
Bennett Whitford to second
Batting: RHB Germán Espantoso 0-0: TRIPLE (Line Drive, 8LXD)
Luis Delvalle scores
Bennett Whitford scores
Cody Jaeckel scores
Pitching: RHP Wendell Clingan
Pinch Runner at 3rd Héctor Espiga:
Batting: RHB José de la Cavallería 0-0: SINGLE (Line Drive, 7S)
Héctor Espiga scores
Batting: LHB Johan Kroening 0-0: Ball
1-0: Fly out, F5 (Popup, 5SF)
Bottom of the 8th over - 4 runs, 3 hits, 0 errors, 1 left on base; Tacoma 3 - Minnesota 9
TOP OF THE 9TH
Tacoma Fur Traders batting - Pitching for Minnesota Loons : LHP Raymond Beauregard
Now at C: Tabor Muzquiz
Now at SS: Raúl Mateo
Now in LF: Héctor Espiga
Now in RF: Bennett Whitford
Batting: RHB Gerardo Herváz 0-0: Single, Error in OF, E8, batter to second base
Batting: RHB Bill Perkins 0-0: Ball
1-0: Ball
2-0: Called Strike
2-1: Fly out, F9 (Line Drive, 9D)
Runner from 2nd tags up, SAFE at 3rd, no throw
Batting: RHB Sherman N'Dir 0-0: Fly out, F9 (Flyball, 9LS)
Runner from 3rd tags up, SCORES, no throw
Batting: RHB Jeremy Geertsen 0-0: Ball
1-0: Ball
2-0: Ball
3-0: Called Strike
3-1: SINGLE (Groundball, 4MD)
Batting: RHB Jonathan Barnett 0-0: SINGLE (Line Drive, 7S)
Jeremy Geertsen to second
Batting: RHB Daryl Yandell 0-0: Ball
1-0: Called Strike
1-1: Fly out, F8 (Flyball, 78M)
Top of the 9th over - 1 run, 3 hits, 1 error, 2 left on base; Tacoma 4 - Minnesota 9
Tuesday, June 12th, 2018 - OOTP Baseball 18.8 Build 76